 Dungeon Crawl Stone Soup version 0.28.0-47-ge53b351184 (webtiles) character file.

Game seed: 13193994001909980451

27288 101zpm the Eclecticist (level 13, -6/81 HPs)
             Began as a Djinni Fire Elementalist on Apr 30, 2022.
             Was a High Priest of Cheibriados.
             Mangled by a freezing wraith (19 damage)
             ... on level 13 of the Dungeon.
             The game lasted 01:11:53 (17672 turns).

101zpm the Eclecticist (Djinni Fire Elementalist)  Turns: 17672, Time: 01:11:53

Health: -6/81      AC:  9    Str: 21    XL:     13   Next: 64%
Gold:   740        EV: 33    Int: 36    God:    Cheibriados [*****.] SH:  0 Dex: 34

rFire   + + +      SeeInvis .   x - +3 trident (vamp)
rCold   x . .      Faith    .   (no shield)
rNeg    . . .      Spirit   .   u - +0 troll leather armour
rPois   ∞          Reflect  .   e - +2 helmet
rElec   .          Harm     .   J - scarf {rC+ rF+}
rCorr   .          Rampage  .   L - +0 pair of gloves
Will    +....                   (boots unavailable)
Stlth   ++++......              w - amulet of the acrobat
HPRegen 1.03/turn               I - +6 ring of dexterity
MPRegen 0.00/turn               a - ring of fire

@: acrobatic, flying, slowed, studying Invocations, very slow
A: sickness immunity, fire resistance 2, cold vulnerability 1, float, innate
caster, HP casting, extra vitality 1
a: Renounce Religion, Bend Time, Temporal Distortion, Slouch, Step From Time


You were on level 13 of the Dungeon.
You worshipped Cheibriados.
Cheibriados was extremely pleased with you.
You visited 2 branches of the dungeon, and saw 14 of its levels.

You collected 795 gold pieces.
You spent 55 gold pieces at shops.

Inventory:

Hand Weapons
 x - a +3 vampiric trident (weapon)
Missiles
 G - 3 throwing nets
Armour
 e - a +2 helmet (worn)
 s - a +2 robe of resistance
 u - a +0 troll leather armour (worn)
 J - a scarf of resistance (worn)
 L - a +0 pair of gloves (worn)
Jewellery
 a - a ring of fire (right hand)
 w - an amulet of the acrobat (around neck)
 C - a ring of protection from fire
 I - a +6 ring of dexterity (left hand)
 K - a ring of ice
 R - a ring of fire
Wands
 n - a wand of flame (51)
 o - a wand of acid (11)
 D - a wand of mindburst (5)
 E - a wand of polymorph (5)
 M - a wand of iceblast (6)
 P - a wand of charming (5)
Scrolls
 c - 2 scrolls of magic mapping
 d - 2 scrolls of torment
 f - 6 scrolls of teleportation
 g - a scroll of blinking
 h - 2 scrolls of fog
 i - 3 scrolls of immolation
 k - a scroll of fear
 m - a scroll of vulnerability
 q - 2 scrolls of noise
 r - 2 scrolls of amnesia
 y - a scroll of brand weapon
 F - 2 scrolls of enchant armour
 N - a scroll of holy word {unknown}
 S - a scroll of identify
Potions
 b - a potion of attraction {unknown}
 j - a potion of berserk rage
 l - 3 potions of flight
 p - 3 potions of heal wounds
 t - a potion of resistance
 v - 3 potions of haste {unknown}
 z - a potion of brilliance {unknown}
 A - 2 potions of cancellation {unknown}
 B - a potion of might {unknown}
 H - 4 potions of curing
 O - a potion of ambrosia {unknown}
 Q - a potion of mutation {unknown}


   Skills:
 + Level 3.0 Fighting
 + Level 5.1 Armour
 + Level 5.4 Dodging
 + Level 4.3 Stealth
 + Level 0.1 Unarmed Combat
 + Level 15.7 Spellcasting


You had 11 spell levels left.
You knew the following spells:

 Your Spells              Type           Power      Damage    Failure   Level
a - Foxfire               Conj/Fire      100%       2x1d9     0%          1
b - Scorch                Fire           100%       2d10      0%          2
c - Conjure Flame         Conj/Fire      100%       6-21      0%          3
d - Inner Flame           Hex/Fire       100%       N/A       0%          3
e - Flame Wave            Conj/Fire      100%       2d17      1%          4
f - Slow                  Hex            100%       N/A       0%          1
g - Passwall              Tmut/Erth      80%        N/A       0%          2
h - Summon Guardian Gole  Hex/Summ       97%        N/A       0%          3
i - Animate Dead          Necr           48%        N/A       1%          4
j - Leda's Liquefaction   Hex/Erth       48%        N/A       1%          4
k - Freezing Cloud        Conj/Ice/Air   48%        6-21      1%          5
Your spell library was empty.

Dungeon Overview and Level Annotations

Branches:
Dungeon (13/15)            Temple (1/1) D:4            Lair (0/6) D:11
    Orc (0/2) D:11
 Vaults: D:13-14

Altars:
Ashenzari
Cheibriados
Dithmenos
Elyvilon
Fedhas
Gozag
Hepliaklqana
Kikubaaqudgha
Makhleb
Nemelex Xobeh
Okawaru
Qazlal
Ru
Sif Muna
Trog
Uskayaw
Vehumet
Wu Jian
Xom
Yredelemnul
Zin
The Shining One

Shops:
D:2 **[=

Portals:
Trove: D:12 (give 5 potions of resistance)


Innate Abilities, Weirdness & Mutations

You are immune to sickness and miasma.
You are immune to poison.
Your flesh is very heat resistant. (rF++)
You are vulnerable to cold. (rC-)
You float through the air rather than walking.
You learn spells naturally, not from books.
Your magical power is your life essence.
You have superior vitality. (+4 MHP)


Message History

Cheibriados appreciates the change of pace.
The cyclops explodes!
The fiery explosion engulfs your guardian golem!!
Your guardian golem resists.
Your guardian golem is heavily damaged.
The fiery explosion engulfs you. You resist.
Your guardian golem disappears in a puff of smoke!
Your Fighting skill increases to level 3!
A freezing wraith comes into view.
Casting: Scorch (safe; 0% risk of failure)
Confirm with . or Enter, or press ? or * to list all spells.
Aiming: Inner Flame (safe; 0% risk of failure)
Press: ? - help, Dir - move target, f - freezing wraith
Aim: a freezing wraith (wandering, hasn't noticed you, chance to affect: 96%)
You feel a surge of power!
The freezing wraith is filled with an inner flame.
Casting: Inner Flame (safe; 0% risk of failure)
Confirm with . or Enter, or press ? or * to list all spells.
A guardian golem appears, shielding your allies.
The freezing wraith hits you. The freezing wraith freezes you!!
You feel a terrible chill!
* * * LOW HITPOINT WARNING * * *
The freezing wraith misses you. The freezing wraith misses you. x2
You are too injured to fight recklessly!
Casting: Foxfire (safe; 0% risk of failure)
Press: ? - help, Q - select action, (/) - cycle Dir - look around, f - activate You feel a surge of power!
You conjure some foxfire!
* * * LOW HITPOINT WARNING * * *
The freezing wraith barely misses you. The freezing wraith hits you.
* * * LOW HITPOINT WARNING * * *
The freezing wraith drains your vigour!
You feel yourself slow down.
The foxfire hits the freezing wraith but does no damage. x2
The freezing wraith hits you but does no damage.
The freezing wraith completely misses you. x3
The freezing wraith misses you. The freezing wraith barely misses you.
The freezing wraith hits you!
* * * LOW HITPOINT WARNING * * *
The freezing wraith freezes you!!
You feel a terrible chill!
You die...

### #....$..#.# ..#
......).#)# #.#
........#.# #C.)(#)#
#.. .#......##(.#
##.. .#..C.###)..#
#... . #.###9..###
#.#.#. ###.W.)##
#.#..###..@#..#
#.#......###.## ###
#.##.#.#####.#
#.#####............#
........)..#########
#.########## ...#
...# ...#


You could see a freezing wraith (inner flame, ally target) and a friendly
guardian golem (summoned).

Vanquished Creatures
  Erolcha (D:10)
  A catoblepas (D:13)
  3 hydras
  4 two-headed ogres
  3 centaur warriors (D:13)
  A skeletal warrior (D:13)
  A wizard (D:11)
  Pikel (D:8)
  3 cyclopes (D:13)
  2 ugly things
  An oklob plant (D:11)
  A manticore (D:13)
  A gargoyle (D:12)
  Joseph (D:8)
  2 rime drakes (D:11)
  2 trolls
  Prince Ribbit (D:8)
  A queen bee (shapeshifter) (D:13)
  A hornet (shapeshifter) (D:13)
  A guardian mummy (D:12)
  A tarantella (shapeshifter) (D:13)
  8 slime creatures
  Sigmund (D:2)
  A vampire (D:12)
  A shadow (D:11)
  A wraith (D:9)
  2 wyverns
  8 yaks
  2 steam dragons
  2 acid dragons
  A water moccasin (D:8)
  A black bear (D:6)
  5 orc warriors
  An ice beast (D:7)
  A necrophage (D:6)
  6 centaurs
  4 phantoms
  2 kobold brigands
  Blork the orc (D:6)
  A bullfrog (D:9)
  4 gnoll sergeants
  A water moccasin zombie (D:6)
  2 troll zombies (D:11)
  A water moccasin skeleton (D:7)
  9 killer bees
  A killer bee (shapeshifter) (D:13)
  4 wights (D:8)
  An electric eel (D:7)
  2 howler monkeys
  2 hounds
  A jelly (D:8)
  3 centaur zombies
  5 orc priests
  A bullfrog skeleton (D:6)
  2 centaur skeletons (D:7)
  Terence (D:2)
  Natasha (D:2)
  2 iguanas (D:4)
  4 orc wizards
  6 ogre zombies (D:11)
  Robin (D:2)
  2 howler monkey zombies
  16 gnolls
  6 adders
  2 white imps
  An ufetubus (D:4)
  A dart slug (D:1)
  25 orcs
  7 endoplasms
  A giant cockroach (D:2)
  3 hobgoblins
  12 kobolds
  A quokka (D:2)
  7 ball pythons
  6 bats
  2 frilled lizards (D:2)
  15 goblins
  A goblin skeleton (D:11)
  7 goblin zombies (D:11)
  A hobgoblin skeleton (D:11)
  2 hobgoblin zombies (D:11)
  3 orc skeletons (D:11)
  7 orc zombies (D:11)
  9 rats
273 creatures vanquished.

Vanquished Creatures (collateral kills)
  A statue (D:6)
  A kobold (D:11)
  78 foxfires
80 creatures vanquished.

Vanquished Creatures (others)
  2 hydras
  2 boulder beetles (D:13)
  A centaur warrior (D:13)
  A two-headed ogre (D:11)
  An oklob plant (D:11)
  An ugly thing (D:13)
  2 gargoyles (D:12)
  An orc warrior (D:11)
  An orc (D:11)
  A goblin skeleton (D:11)
  2 orc zombies (D:11)
  1288 foxfires
  12 plants
1315 creatures vanquished.

Grand Total: 1668 creatures vanquished

Notes
Turn   | Place    | Note
-------+----------+-------------------------------------------
     0 | D:1      | 101zpm the Djinni Fire Elementalist began the quest for the
                  | Orb.
     0 | D:1      | Reached XP level 1. HP: 15/15 MP: 0/0
   610 | D:1      | Reached XP level 2. HP: 18/21 MP: 0/0
  1254 | D:1      | You are sucked into a shaft and drop 1 floor!
  1433 | D:2      | Reached XP level 3. HP: 20/25 MP: 0/0
  1433 | D:2      | Learned a level 1 spell: Slow
  1563 | D:2      | Reached skill level 3 in Spellcasting
  1718 | D:2      | Found Utsoguiw's General Store.
  2087 | D:2      | Found Qaronani's Jewellery Boutique.
  2159 | D:2      | Found Ziluleif's Armour Shop.
  2335 | D:2      | Noticed Sigmund
  2342 | D:2      | Killed Sigmund
  2343 | D:2      | Reached skill level 4 in Spellcasting
  2343 | D:2      | Reached XP level 4. HP: 19/31 MP: 0/0
  2343 | D:2      | Reached XP level 5. HP: 21/35 MP: 0/0
  2343 | D:2      | Learned a level 2 spell: Passwall
  2343 | D:2      | Reached XP level 6. HP: 24/40 MP: 0/0
  2603 | D:2      | Found Dosipt's General Store.
  2619 | D:2      | Noticed Natasha
  2623 | D:2      | Killed Natasha
  2626 | D:2      | Noticed Terence
  2657 | D:2      | Killed Terence
  3002 | D:2      | Killed Robin
  3006 | D:2      | Identified the +1 robe of Uskayaw's Delight {Rampage Str+3}
                  | (You took it off Robin on level 2 of the Dungeon)
  3560 | D:2      | Bought a scroll of identify for 22 gold pieces
  3560 | D:2      | Bought a scroll of teleportation for 33 gold pieces
  4173 | D:3      | Reached skill level 5 in Spellcasting
  5205 | D:4      | Found a staircase to the Ecumenical Temple.
  5392 | D:4      | Reached XP level 7. HP: 37/45 MP: 0/0
  5392 | D:4      | Learned a level 3 spell: Summon Guardian Golem
  6257 | D:4      | Found a bloodstained altar of Trog.
  6297 | Temple   | Entered the Ecumenical Temple
  6428 | Temple   | Became a worshipper of Cheibriados the Contemplative
  6478 | D:5      | Entered Level 5 of the Dungeon
  6560 | D:6      | Noticed Blork the orc
  6566 | D:6      | Killed Blork the orc
  6567 | D:6      | Reached skill level 6 in Spellcasting
  6591 | D:6      | Reached XP level 8. HP: 13/50 MP: 0/0
  7424 | D:7      | Reached skill level 7 in Spellcasting
  8059 | D:7      | Reached * piety under Cheibriados
  8120 | D:7      | Found a stormy altar of Qazlal.
  8120 | D:7      | Found a broken altar of Ashenzari.
  8200 | D:7      | Reached XP level 9. HP: 51/55 MP: 0/0
  8200 | D:7      | Learned a level 4 spell: Animate Dead
  8270 | D:7      | Reached skill level 8 in Spellcasting
  9233 | D:8      | Noticed a troll
  9240 | D:8      | Killed a troll
  9242 | D:8      | Noticed Prince Ribbit
  9248 | D:8      | Killed Prince Ribbit
  9249 | D:8      | Reached skill level 9 in Spellcasting
  9785 | D:6      | Found an iron altar of Okawaru.
 10630 | D:6      | Found an opulent altar of Gozag.
 10771 | D:8      | Reached skill level 1 in Fighting
 10772 | D:8      | Reached ** piety under Cheibriados
 10773 | D:8      | Reached XP level 10. HP: 30/62 MP: 0/0
 10855 | D:8      | Reached skill level 10 in Spellcasting
 10908 | D:8      | Noticed a two-headed ogre
 10913 | D:8      | Killed a two-headed ogre
 11204 | D:8      | Found a hazy altar of Hepliaklqana.
 11206 | D:8      | Found a shimmering altar of Xom.
 11208 | D:8      | Noticed a spectral ugly thing
 11368 | D:8      | Noticed Pikel
 11371 | D:8      | Killed Pikel
 11372 | D:8      | Reached skill level 1 in Armour
 11372 | D:8      | Reached skill level 11 in Spellcasting
 11443 | D:8      | Noticed Joseph
 11449 | D:8      | Killed Joseph
 11724 | D:10     | Entered Level 10 of the Dungeon
 11803 | D:10     | Noticed a two-headed ogre
 11808 | D:10     | Killed a two-headed ogre
 11841 | D:10     | Noticed a blizzard demon
 11842 | D:10     | Found a burning altar of Makhleb.
 11847 | D:10     | Found a glowing silver altar of Zin.
 11847 | D:10     | Noticed an angel
 11880 | D:10     | Reached XP level 11. HP: 67/67 MP: 0/0
 11880 | D:10     | Learned a level 4 spell: Leda's Liquefaction
 11902 | D:10     | Reached *** piety under Cheibriados
 12060 | D:10     | Noticed a green ugly thing
 12143 | D:10     | Reached skill level 12 in Spellcasting
 13440 | D:11     | Noticed a two-headed ogre
 13447 | D:11     | Killed a two-headed ogre
 13447 | D:11     | Reached **** piety under Cheibriados
 13547 | D:10     | Killed a green ugly thing
 13567 | D:10     | Noticed a two-headed ogre
 13573 | D:10     | Killed a two-headed ogre
 13637 | D:10     | Noticed Erolcha
 13644 | D:10     | Killed Erolcha
 13743 | D:10     | Reached skill level 13 in Spellcasting
 14338 | D:11     | Reached XP level 12. HP: 72/74 MP: 0/0
 14668 | D:11     | Found a staircase to the Lair.
 14750 | D:11     | Noticed a two-headed ogre
 14759 | D:11     | Noticed a five-headed hydra
 14782 | D:11     | Killed a two-headed ogre
 14782 | D:11     | Reached ***** piety under Cheibriados
 14786 | D:11     | Killed a five-headed hydra
 14846 | D:11     | Found a staircase to the Orcish Mines.
 15697 | D:12     | Reached skill level 14 in Spellcasting
 15701 | D:12     | Noticed a four-headed hydra
 15707 | D:12     | Killed a four-headed hydra
 16360 | D:12     | Found a portal to a secret trove of treasure.
 16915 | D:13     | Noticed a centaur warrior
 16922 | D:13     | Killed a centaur warrior
 17042 | D:13     | Noticed a boulder beetle
 17051 | D:13     | Noticed a skeletal warrior
 17052 | D:13     | Noticed a centaur warrior
 17054 | D:13     | Noticed a catoblepas
 17056 | D:13     | Noticed a centaur warrior
 17059 | D:13     | Killed a centaur warrior
 17060 | D:13     | Reached XP level 13. HP: 61/80 MP: 0/0
 17060 | D:13     | Learned a level 5 spell: Freezing Cloud
 17060 | D:13     | Killed a boulder beetle
 17067 | D:13     | Killed a catoblepas
 17068 | D:13     | Reached skill level 5 in Dodging
 17068 | D:13     | Reached skill level 15 in Spellcasting
 17071 | D:13     | Killed a centaur warrior
 17072 | D:13     | Reached skill level 5 in Armour
 17097 | D:13     | Noticed a boulder beetle
 17112 | D:13     | Killed a boulder beetle
 17185 | D:13     | Noticed a seven-headed hydra
 17192 | D:13     | Killed a seven-headed hydra
 17226 | D:13     | Noticed a four-headed hydra
 17234 | D:13     | Killed a four-headed hydra
 17453 | D:13     | Noticed a centaur warrior
 17472 | D:13     | Killed a centaur warrior
 17540 | D:13     | Noticed an eight-headed hydra
 17555 | D:13     | HP: 3/80 [eight-headed hydra (6)]
 17557 | D:13     | Killed an eight-headed hydra
 17672 | D:13     | Mangled by a freezing wraith

Illustrated notes

Levels and vault maps discovered:
D:1:      dpeg_arrival_rooms_a, layout_basic
D:2:      layout_loops_cross, serial_shops, shop_fountains,
          nicolae_shop_behind_doors, nicolae_shop_hallway_stairs,
          nicolae_square_shop, chequers_big_river, grunt_ministairs_6,
          uniq_natasha, uniq_sigmund, uniq_terence, uniq_robin
D:3:      layout_basic, minmay_hedge_maze
D:4:      layout_basic, kennysheep_mini, minmay_temple_entry_junction_2,
          minmay_manual_mullet
D:5:      layout_gridville, uniq_grinder
D:6:      layout_rooms, general_overflow_altar, vehumet_statue,
          okawaru_altar_gauntlet_db, uniq_blork_the_orc
D:7:      layout_loops_ring, mainiacjoe_overflow_large_starburst,
          lightli_minifort
D:8:      layout_gridville, regret_index_temple_of_mockery, minmay_circle_x,
          uniq_prince_ribbit1, uniq_pikel, uniq_joseph
D:9:      layout_basic
D:10:     layout_irregular_city, grunt_temple_overflow_order_and_chaos_2,
          uniq_erolcha
D:11:     layout_layer_cave, dpeg_oklobed_lair, zombieorc2_lemuel,
          portal_ice_cave_rime
D:12:     layout_basic, nicolae_trove_entry_path_of_doom
D:13:     minmay_the_grid_triangle_9x9_line_8_mashed
          [minmay_the_grid_triangle_9x9_dagger,
          minmay_the_grid_triangle_9x9_pentomino_pain,
          minmay_the_grid_triangle_9x9_sparse_checkered,
          minmay_the_grid_triangle_9x9_cache,
          minmay_the_grid_triangle_9x9_skeleton,
          minmay_the_grid_triangle_9x9_limited_checkers,
          minmay_the_grid_triangle_9x9_warning,
          minmay_the_grid_triangle_9x9_prize_schism], layout_loops_cross
Temple:   minmay_temple_bridge_abc

Skill      XL: |  1  2  3  4  5  6  7  8  9 10 11 12 13 |
---------------+----------------------------------------+-----
Spellcasting   | 4 5 6 7 9 11 13 14 15 | 15.7
Dodging        | 3 4 5 |  5.4
Stealth        | 2 3 4 |  4.3
Fighting       | 1 2 3 |  3.0
Armour         | 2 3 4 5 |  5.1
Unarmed Combat | |  0.1

Action                   |  1- 3 |  4- 6 |  7- 9 | 10-12 | 13-15 || total
-------------------------+-------+-------+-------+-------+-------++-------
Melee: Unarmed           |     3 |       |       |       |       ||     3
       Trident           |       |       |       |       |     1 ||     1
 Cast: Foxfire           |   105 |   149 |   173 |   352 |    52 ||   831
       Inner Flame       |     1 |    17 |    55 |   103 |    23 ||   199
       Scorch            |       |     1 |    14 |    15 |    10 ||    40
       Summon Guardian G |       |       |     5 |    27 |    13 ||    45
       Conjure Flame     |       |       |     1 |     1 |       ||     2
       Animate Dead      |       |       |     1 |     3 |     1 ||     5
       Leda's Liquefacti |       |       |       |     3 |       ||     3
       Freezing Cloud    |       |       |       |       |     1 ||     1
  Use: Scroll            |       |     1 |     8 |     7 |     1 ||    17
Armor: Robe              |     3 |       |     8 |       |       ||    11
       Troll leather arm |       |       |     1 |    20 |    16 ||    37
Dodge: Dodged            |     7 |     1 |    16 |   119 |    56 ||   199
